 Dungeon Crawl Stone Soup version 0.27.1-1-g398f81649c (webtiles) character file.

Game seed: 3477964458592685495

28 MisterFreud the Gusty (level 3, -2/31 HPs)
             Began as a Gnoll Wanderer on Sept 20, 2021.
             Was a Follower of Okawaru.
             Killed from afar by Natasha (7 damage)
             ... with a magic dart
             ... on level 2 of the Dungeon.
             The game lasted 00:01:38 (1646 turns).

MisterFreud the Gusty (Gnoll Wanderer)              Turns: 1646, Time: 00:01:38

Health: -2/31      AC:  3    Str: 12    XL:     3   Next: 14%
Magic:  6/7        EV: 11    Int: 12    God:    Okawaru [*.....]
Gold:   38         SH:  0    Dex: 10    Spells: 7/7 levels left

rFire    . . .     SeeInvis .   a - +0 spear
rCold    . . .     Faith    .   (no shield)
rNeg     . . .     Spirit   .   b - +0 robe
rPois    .         Reflect  .   (no helmet)
rElec    .         Harm     .   (no cloak)
rCorr    .         Rampage  .   g - +0 pair of gloves
Will     .....                  (no boots)
Stlth    ++........             (no amulet)
HPRegen  0.10/turn              (no ring)
MPRegen  0.10/turn              (no ring)

@: slowed, very slow
A: fangs 1, strong nose, distributed training
a: Renounce Religion, Heroism


You were on level 2 of the Dungeon.
You worshipped Okawaru.
Okawaru was aware of your devotion.
You visited 1 branch of the dungeon, and saw 2 of its levels.

You collected 38 gold pieces.

Inventory:

Hand Weapons
 a - a +0 spear (weapon)
Armour
 b - a +0 robe (worn)
 g - a +0 pair of gloves (worn)
Scrolls
 c - a scroll of noise {unknown}
 d - 4 scrolls of identify {unknown}
 f - a scroll of teleportation {unknown}
 j - a scroll of acquirement {unknown}
Potions
 e - a potion of cancellation {unknown}
 h - a potion of might {unknown}
 i - a potion of brilliance {unknown}
 k - a potion of heal wounds {unknown}


   Skills:
 + Level 4.5 Fighting
 + Level 0.6 Short Blades
 + Level 0.6 Long Blades
 + Level 0.6 Axes
 + Level 0.6 Maces & Flails
 + Level 2.5 Polearms
 + Level 0.6 Staves
 + Level 0.6 Slings
 + Level 0.6 Bows
 + Level 0.6 Crossbows
 + Level 0.6 Throwing
 + Level 0.6 Armour
 + Level 0.6 Dodging
 + Level 2.3 Stealth
 + Level 2.5 Shields
 + Level 0.6 Unarmed Combat
 + Level 2.8 Spellcasting
 + Level 0.4 Conjurations
 + Level 2.1 Hexes
 + Level 0.4 Summonings
 + Level 0.4 Necromancy
 + Level 0.4 Translocations
 + Level 0.4 Transmutations
 + Level 0.4 Fire Magic
 + Level 0.4 Ice Magic
 + Level 5.4 Air Magic
 + Level 0.4 Earth Magic
 + Level 0.4 Poison Magic
 + Level 0.8 Invocations
 + Level 0.6 Evocations


You had 7 spell levels left.
You didn't know any spells.
Your spell library contained the following spells:

 Spells                   Type           Power      Damage    Failure   Level
 Slow                     Hex            6%         N/A       16%         2
 Freeze                   Ice            8%         1d3       21%         1
 Magic Dart               Conj           8%         1d3       21%         1
 Blink                    Tloc           N/A        N/A       30%         2
 Call Imp                 Summ           2%         N/A       30%         2
 Searing Ray              Conj           4%         3d3       30%         2
 Mephitic Cloud           Conj/Pois/Air  6%         N/A       32%         3
 Conjure Flame            Conj/Fire      2%         6-21      52%         3
 Ozocubu's Armour         Ice            2%         N/A       52%         3
 Fulminant Prism          Conj/Hex       2%         3d6       83%         4


Dungeon Overview and Level Annotations

Branches:
Dungeon (2/15)

Altars:
Okawaru

Annotations:
D:2 Natasha


Innate Abilities, Weirdness & Mutations

You have very sharp teeth.
Your uncanny sense of smell can sniff out nearby items.
Your experience applies equally to all skills.


Message History

Natasha is heavily wounded.
Natasha claws you.
You barely miss Natasha.
Natasha is heavily wounded.
You miss Natasha.
Natasha is heavily wounded.
Natasha closely misses you.
You barely miss Natasha. You bite Natasha, but do no damage.
Natasha is heavily wounded.
You feel like a meek peon again. Natasha claws you.
You hit Natasha.
Natasha is severely wounded.
Natasha stares at you and mumbles some strange words.
You feel yourself slow down.
You hit Natasha.
Natasha is almost dead.
Natasha casts a spell at you.
You feel as though you will be slow longer.
You closely miss Natasha.
Natasha is almost dead.
Natasha misses you. Natasha closely misses you.
You hit Natasha but do no damage.
Natasha is almost dead.
Natasha claws you.
You miss Natasha.
Natasha is almost dead.
Natasha claws you.
Natasha stares at you and mumbles some strange words.
The magic dart hits you.
* * * LOW HITPOINT WARNING * * *
You hit Natasha but do no damage.
Natasha is almost dead.
Natasha stares at you and mumbles some strange words.
You feel as though you will be slow longer.
You miss Natasha.
Natasha is almost dead.
Natasha stares at you and mumbles some strange words.
The magic dart hits you!
You die...

#.####.###..#.##....
##.## #.###†......#
#...# #.......<####
#...# #######.##
#...#########.#####
###...##............#
..............#.###.#...
..............#.h.......
..............#.@##.#...
###...##............#
#...##.#.#..#..#.##
#...##.#.......#.#
#...##.###..#.....
##.......#..##.....
#####......##.# .#.
###.#....... .#
######.#####.##


You could see Natasha.

Vanquished Creatures
  3 dart slugs
  An endoplasm (D:1)
  A giant cockroach (D:1)
  A goblin (D:1)
  3 hobgoblins
  A kobold (D:2)
  4 ball pythons
  4 bats (D:2)
  A frilled lizard (D:1)
  2 rats
21 creatures vanquished.

Notes
Turn   | Place    | Note
-------+----------+-------------------------------------------
     0 | D:1      | MisterFreud the Gnoll Wanderer began the quest for the Orb.
     0 | D:1      | MisterFreud set off with the following items: a +0 spear, a
                  | +0 robe; and the following spells available to memorise:
                  | Slow, Freeze, Magic Dart, Mephitic Cloud, Blink, Call Imp,
                  | Conjure Flame, Ozocubu's Armour
     0 | D:1      | Reached XP level 1. HP: 20/20 MP: 4/4
   295 | D:1      | Reached XP level 2. HP: 26/26 MP: 5/5
   710 | D:1      | Found a faded altar of an unknown god.
  1055 | D:1      | Became a worshipper of Warmaster Okawaru
  1055 | D:1      | Reached * piety under Okawaru
  1150 | D:2      | Noticed Natasha
  1381 | D:2      | Reached XP level 3. HP: 31/31 MP: 7/7
  1646 | D:2      | Killed from afar by Natasha

Illustrated notes

Levels and vault maps discovered:
D:1:      dpeg_arrival_simpleton_b, layout_loops_corners,
          shapermc_ecumenical_altar_flowoftime
D:2:      layout_loops_cross, uniq_natasha

Skill      XL: |  1 |
---------------+----+-----
Hexes          | 2 |  2.1
Fighting       | |  4.5
Short Blades   | |  0.6
Long Blades    | |  0.6
Axes           | |  0.6
Maces & Flails | |  0.6
Polearms       | |  2.5
Staves         | |  0.6
Slings         | |  0.6
Bows           | |  0.6
Crossbows      | |  0.6
Throwing       | |  0.6
Armour         | |  0.6
Dodging        | |  0.6
Stealth        | |  2.3
Shields        | |  2.5
Unarmed Combat | |  0.6
Spellcasting   | |  2.8
Conjurations   | |  0.4
Summonings     | |  0.4
Necromancy     | |  0.4
Translocations | |  0.4
Transmutations | |  0.4
Fire Magic     | |  0.4
Ice Magic      | |  0.4
Air Magic      | |  5.4
Earth Magic    | |  0.4
Poison Magic   | |  0.4
Invocations    | |  0.8
Evocations     | |  0.6

Action                   || total
-------------------------++-------
Melee: Spear             ||    75
       Bite              ||     1
Invok: Heroism           ||     1
 Stab: Sleeping          ||     8
Armor: Robe              ||    11
Dodge: Dodged            ||    32
